 Dungeon Crawl Stone Soup version 0.30.1-3-gfc49f6343a (webtiles) character file.

Game seed: 15505205989589981858

35595 Babbit the Severer (level 13, -11/118 (119) HPs)
             Began as a Minotaur Fighter on Aug 3, 2023.
             Was the Champion of Okawaru.
             Mangled by a dire elephant (24 damage)
             ... on level 5 of the Lair of Beasts.
             The game lasted 01:27:27 (14214 turns).

Babbit the Severer (Minotaur Fighter)              Turns: 14214, Time: 01:27:27

HP:   -11/118 (119) AC: 17    Str: 37    XL:     13   Next: 48%
MP:   0/17          EV: 10    Int:  5    God:    Okawaru [******]
Gold: 2243          SH:  9    Dex: 11    Spells: 12/12 levels left

rFire   + . .        W - +5 war axe (vamp)
rCold   + . .        R - +2 buckler
rNeg    + + .        i - +4 ring mail "Tahuninn" {Will+ Int-4 Slay+4}
rPois   +            V - +0 hat
rElec   +            t - scarf "Faatetia" {repulsion, Int+4}
rCorr   +            Q - +2 pair of gloves {hurl}
SInv    .            A - +1 pair of boots
Will    +....        K - amulet "Wiyry" {Spirit +Inv rN++} Stlth
                     q - +6 ring of strength
HPRegen 0.39/turn    p - +6 ring of strength
MPRegen 0.15/turn

%: repel missiles, guardian spirit
@: mighty, about to teleport, resistant, lightly drained, very slow
A: horns 2, retaliatory headbutt
a: Renounce Religion, Evoke Invisibility, Heroism, Finesse, Duel


You were on level 5 of the Lair of Beasts.
You worshipped Okawaru.
Okawaru was exalted by your worship.
You visited 3 branches of the dungeon, and saw 17 of its levels.
You also visited: Gauntlet.

You collected 2243 gold pieces.

Inventory:

Hand Weapons
 c - the +7 battleaxe "Dufil" {antimagic, Int+2}
   (Okawaru gifted it to you on level 4 of the Lair of Beasts)

   Int:       It affects your intelligence (+2).
 W - a +5 vampiric war axe (weapon)
Missiles
 a - 6 boomerangs
 b - 24 poisoned darts
 J - a throwing net
 O - a silver boomerang
 T - 7 javelins
 X - 4 silver javelins
Armour
 i - the +4 ring mail "Tahuninn" (worn) {Will+ Int-4 Slay+4}
   (You found it on level 8 of the Dungeon)

   Int:       It affects your intelligence (-4).
   Slay:      It affects your accuracy & damage with ranged weapons and melee
   (+4).
   Will:      It increases your willpower.
 t - the scarf "Faatetia" (worn) {repulsion, Int+4}
   (Okawaru gifted it to you on level 2 of the Lair of Beasts)

   Int:       It affects your intelligence (+4).
 A - a +1 pair of boots (worn)
 F - the +4 Cigotuvi's embrace {Corpsefed rMiasma Drain rN+}
   (You found it on level 6 of the Dungeon)

   Corpsefed: It gathers nearby corpses to temporarily increase the armour it
   provides.
   rMiasma:   It protects you from foul pestilence.
   rN:        It protects you from negative energy.
   Drain:     It drains your maximum health when unequipped.
 Q - a +2 pair of gloves of hurling (worn)
 R - a +2 buckler (worn)
 V - a +0 hat (worn)
Jewellery
 m - a +5 ring of evasion
 p - a +6 ring of strength (right hand)
 q - a +6 ring of strength (left hand)
 u - a ring of fire
 v - a ring of poison resistance
 w - a +6 ring of intelligence
 y - a ring of flight
 K - the amulet "Wiyry" (around neck) {Spirit +Inv rN++}
   (You found it on level 7 of the Dungeon)

   [amulet of guardian spirit]

   It causes incoming damage to be divided between your reserves of health and
   magic.
   rN:        It greatly protects you from negative energy.
   +Inv:      It lets you turn invisible.
 S - a ring of ice
Wands
 x - a wand of paralysis (18)
 E - a wand of polymorph (13) (quivered)
 N - a wand of flame (20)
 P - a wand of digging (5)
 U - a wand of mindburst (5)
 Y - a wand of roots (8)
Scrolls
 g - 4 scrolls of identify
 h - 3 scrolls of fear
 l - 2 scrolls of fog
 r - 3 scrolls of teleportation
 D - a scroll of magic mapping
 G - 2 scrolls of blinking
 H - 3 scrolls of immolation
 I - 2 scrolls of poison
Potions
 d - a potion of might
 e - 5 potions of brilliance
 k - 2 potions of invisibility
 n - 5 potions of curing
 o - 6 potions of haste
 s - a potion of magic
 z - 5 potions of lignification
 B - 4 potions of flight
 C - 6 potions of mutation
 L - a potion of berserk rage
 M - 2 potions of attraction


   Skills:
 + Level 12.3 Fighting
 * Level 16.4 Axes
 - Level 5.0 Throwing
 + Level 12.2 Armour
 + Level 12.3 Shields
 + Level 6.9 Invocations


You had 12 spell levels left.
You didn't know any spells.
Your spell library contained the following spells:

 Spells                   Type           Power      Damage    Failure   Level
 Necrotise                Necr           0%         1d4       56%         1
 Ensorcelled Hibernation  Hex/Ice        0%         N/A       71%         2
 Inner Flame              Hex/Fire       0%         N/A       91%         3
 Ozocubu's Armour         Ice            0%         N/A       91%         3
 Portal Projectile        Hex/Tloc       0%         N/A       91%         3
 Spider Form              Tmut/Pois      0%         N/A       91%         3
 Vampiric Draining        Necr           0%         2d6       91%         3
 Vhi's Electric Charge    Tloc/Air       0%         N/A       91%         3
 Anguish                  Hex/Necr       0%         N/A       100%        4
 Leda's Liquefaction      Hex/Erth       0%         N/A       100%        4
 Agony                    Necr           0%         N/A       100%        5
 Arcjolt                  Conj/Air       0%         1d10      100%        5
 Metabolic Englaciation   Hex/Ice        0%         N/A       100%        5
 Yara's Violent Unravell  Hex/Tmut       0%         3d3       100%        5
 Eringya's Noxious Bog    Tmut/Pois      0%         N/A       100%        6
 Plasma Beam              Fire/Air       0%         2x1d11    100%        6
 Enfeeble                 Hex            0%         N/A       100%        7
 Borgnjor's Revivificati  Necr           0%         N/A       100%        8
 Necromutation            Tmut/Necr      0%         N/A       100%        8
 Death's Door             Necr           0%         N/A       100%        9
 Call Canine Familiar     Summ           Unusable   N/A       N/A         3
 Summon Forest            Summ/Tloc      Unusable   N/A       N/A         5
 Simulacrum               Ice/Necr       Unusable   N/A       N/A         6
 Summon Hydra             Summ           Unusable   N/A       N/A         7

Dungeon Overview and Level Annotations

Branches:
Dungeon (11/15)            Temple (1/1) D:7            Lair (5/5) D:8
 Shoals (0/4) Lair:3       Spider (0/4) Lair:3        Slime (0/5) Lair:5
    Orc (0/2) D:11        Gauntlet (visited)

Altars:
Ashenzari
Cheibriados
Dithmenos
Elyvilon
Fedhas
Gozag
Hepliaklqana
Kikubaaqudgha
Makhleb
Nemelex Xobeh
Okawaru
Qazlal
Ru
Sif Muna
Trog
Uskayaw
Vehumet
Wu Jian
Xom
Yredelemnul
Zin
The Shining One
Jiyva

Shops:
D:1 (

Annotations:
Lair:5 exclusion: obsidian statue


Innate Abilities, Weirdness & Mutations

You have a pair of horns on your head.
You reflexively headbutt those who attack you in melee.


Message History

You closely miss the necromancer. You slice the dire elephant!!
You feel better.
You hit the dire elephant.
You feel better. The dire elephant tramples you!!
You hold your ground!
The dire elephant splashes around in the water.
You miss the necromancer. You slice the dire elephant!!
You feel better.
You slice the dire elephant!!
You feel better. You block the dire elephant's attack.
The dire elephant trunk-slaps you!
The necromancer hits you with a +2 dagger of protection.
Your unstable footing causes you to fumble your attack.
The dire elephant splashes around in the water. x2
The dire elephant tramples you but does no damage.
The dire elephant trunk-slaps you.
The necromancer hits you but does no damage.
Your unstable footing causes you to fumble your attack.
The dire elephant splashes around in the water. x2
You barely miss the necromancer. You headbutt the necromancer!!
The necromancer is heavily wounded.
You slash the dire elephant! You hit the dire elephant.
The necromancer gestures wildly while chanting.
The necromancer binds the souls of nearby monsters.
The dire elephant tramples you but does no damage.
You block the dire elephant's attack.
The dire elephant closely misses you. x2
Your unstable footing causes you to fumble your attack.
The dire elephant tramples you!!
You hold your ground!
You block the dire elephant's attack.
The necromancer casts a spell.
The necromancer binds the souls of nearby monsters.
As you read the scroll of teleportation, it crumbles to dust.
You feel strangely unstable. The dire elephant tramples you!
You hold your ground!
The dire elephant trunk-slaps you. The dire elephant tramples you!!
* * * LOW HITPOINT WARNING * * *
You hold your ground!
You block the dire elephant's attack.
The necromancer hits you but does no damage.
You feel much better. The dire elephant tramples you!!
* * * LOW HITPOINT WARNING * * *
You hold your ground!
The dire elephant trunk-slaps you but does no damage.
The dire elephant tramples you!!
You die...

#.#.......##
########.#.......##
#8|[8##8.#.........
#.)(.#8..'.........
#....#.⌠.'.........
#....#8..'.........
#8..8##8†#.........
##Yp####.#........#
##@Y≈P##[#........#
#~≈≈≈~.#†#.........
#~~≈≈~~#†#.......##
#..~≈~##.#........#
##...~#..#.......##
##'####.##........
#8.8#...#
###...#.###
#.#..##.#


You could see 2 dire elephants and a necromancer.

Vanquished Creatures
  2 dire elephants (Lair:5)
  A minotaur (Gauntlet)
  A hydra (Lair:5)
  A two-headed ogre (D:8)
  A catoblepas (Lair:5)
  A death yak (Lair:5)
  2 boulder beetles
  A soul eater (Gauntlet)
  A spectral death yak (Lair:5)
  3 skysharks
  A spectral anaconda (Lair:5)
  Pikel (D:8)
  A dire elephant zombie (Lair:5)
  5 black mambas
  3 elephants (Lair:4)
  3 torpor snails (Lair:2)
  An unseen horror (D:11)
  Psyche (D:8)
  8 cane toads
  A dire elephant skeleton (Lair:5)
  2 minotaur zombies (Gauntlet)
  A kobold demonologist (D:11)
  2 rime drakes (Lair:5)
  5 komodo dragons
  4 hornets
  4 polar bears
  Prince Ribbit (D:7)
  10 blink frogs
  A slime creature (Lair:1)
  6 wyverns
  30 yaks
  A redback (Lair:3)
  2 basilisks
  A steam dragon (D:10)
  2 spectral cane toads (Lair:5)
  3 swamp worms (Gauntlet)
  14 water moccasins
  2 orc warriors
  An ice beast (D:7)
  2 black bears
  An ogre (D:6)
  2 elephant zombies (Lair:5)
  10 wolves
  A centaur (D:10)
  2 lemures (D:8)
  Blork the orc (D:5)
  2 kobold brigands
  10 bullfrogs
  2 gnoll sergeants
  A scorpion (D:3)
  A wight (D:5)
  8 killer bees (D:10)
  4 howler monkeys
  6 hounds
  22 jellies
  9 orc priests
  A sleepcap (D:6)
  2 iguanas
  An iron imp (D:7)
  Ijyb (D:4)
  15 orc wizards
  6 hell rats (Lair:5)
  8 gnolls
  9 adders
  3 shadow imps
  A white imp (D:8)
  4 worms
  3 dart slugs
  41 orcs
  4 ball pythons
  A bat zombie (D:7)
  19 endoplasms
  4 giant cockroaches
  9 goblins
  5 hobgoblins
  5 jackals
  18 kobolds
  6 quokkas
  7 bats
  4 frilled lizards
  2 rats (D:1)
  2 rat zombies (D:7)
  A butterfly (Lair:1)
397 creatures vanquished.

Notes
Turn   | Place    | Note
-------+----------+-------------------------------------------
     0 | D:1      | Babbit the Minotaur Fighter began the quest for the Orb.
     0 | D:1      | Reached XP level 1. HP: 19/19 MP: 0/0
     3 | D:1      | Noticed an electric eel
     4 | D:1      | Noticed an electric eel
    33 | D:1      | Reached XP level 2. HP: 6/27 MP: 1/1
    46 | D:1      | Reached skill level 3 in Axes
   293 | D:1      | Reached XP level 3. HP: 33/33 MP: 2/2
   691 | D:1      | Found Soloas's Antique Weapon Emporium.
   873 | D:2      | Reached XP level 4. HP: 36/40 MP: 3/3
   877 | D:2      | Reached skill level 4 in Axes
  1482 | D:3      | Noticed a scorpion
  1488 | D:3      | Killed a scorpion
  1489 | D:3      | Reached XP level 5. HP: 41/47 MP: 4/4
  1587 | D:3      | Found a radiant altar of Vehumet.
  1687 | D:3      | Found a faded altar of an unknown god.
  1996 | D:4      | Identified the +11 quarterstaff of Mucheeb {heavy, rElec
                  | rF+ rC+}
  2124 | D:4      | Reached skill level 5 in Axes
  2219 | D:4      | Reached XP level 6. HP: 55/55 MP: 5/5
  2266 | D:4      | Noticed Ijyb
  2270 | D:4      | Killed Ijyb
  2600 | D:5      | Entered Level 5 of the Dungeon
  2607 | D:5      | Reached skill level 5 in Fighting
  2607 | D:5      | Reached skill level 5 in Armour
  2607 | D:5      | Reached skill level 5 in Shields
  2706 | D:5      | Reached skill level 6 in Axes
  2711 | D:5      | Reached XP level 7. HP: 57/61 MP: 6/6
  3002 | D:5      | Noticed Blork the orc
  3012 | D:5      | Killed Blork the orc
  3779 | D:6      | Reached skill level 7 in Axes
  3976 | D:6      | Reached XP level 8. HP: 70/70 MP: 7/7
  4028 | D:6      | Found the +4 Cigotuvi's embrace {Corpsefed rMiasma Drain
                  | rN+}
  4285 | D:6      | Reached skill level 8 in Axes
  4789 | D:7      | Reached skill level 9 in Axes
  4795 | D:7      | Reached XP level 9. HP: 55/79 MP: 8/8
  4912 | D:7      | Reached skill level 10 in Axes
  5020 | D:7      | Found a staircase to the Ecumenical Temple.
  5035 | Temple   | Entered the Ecumenical Temple
  5315 | D:7      | Found a snail-covered altar of Cheibriados.
  5498 | D:7      | Identified the amulet "Wiyry" {Spirit +Inv rN++}
  5567 | D:7      | Found a shadowy altar of Dithmenos.
  5568 | D:7      | Found an iron altar of Okawaru.
  5574 | D:7      | Became a worshipper of Warmaster Okawaru
  5616 | D:7      | Found an ancient bone altar of Kikubaaqudgha.
  5635 | D:8      | Noticed Prince Ribbit
  5635 | D:8      | Found the +13 scythe of Curses {drain, curses, Drain}
  5660 | D:7      | Killed Prince Ribbit
  5660 | D:7      | Reached * piety under Okawaru
  5766 | D:8      | Reached skill level 11 in Axes
  5768 | D:8      | Noticed Pikel
  5777 | D:8      | Reached XP level 10. HP: 64/90 MP: 7/9
  5783 | D:8      | Killed Pikel
  5783 | D:8      | Reached ** piety under Okawaru
  6105 | D:8      | Noticed Psyche
  6124 | D:8      | Killed Psyche
  6254 | D:8      | Reached skill level 12 in Axes
  6275 | D:8      | Identified the +4 ring mail "Tahuninn" {Will+ Int-4 Slay+4}
  6517 | D:8      | Noticed a two-headed ogre
  6524 | D:8      | Killed a two-headed ogre
  6524 | D:8      | Reached *** piety under Okawaru
  6525 | D:8      | Reached skill level 1 in Throwing
  6525 | D:8      | Reached skill level 1 in Invocations
  6586 | D:8      | Found a staircase to the Lair.
  6711 | D:8      | Found a hide-covered altar of Uskayaw.
  6941 | D:9      | Found a sparkling altar of Nemelex Xobeh.
  7255 | D:9      | Reached **** piety under Okawaru
  7513 | D:10     | Entered Level 10 of the Dungeon
  7521 | D:10     | Identified the +2 robe of Generosity {-Tele Int+4}
  7563 | D:10     | Found a blossoming altar of Fedhas.
  7634 | D:10     | Noticed a boulder beetle
  7648 | D:10     | Killed a boulder beetle
  7649 | D:10     | Reached XP level 11. HP: 66/99 MP: 6/11
  7780 | D:10     | Found a shimmering blue altar of Sif Muna.
  7902 | D:10     | Got Sif Muna's Volume of Bodies
  8703 | D:11     | Found a staircase to the Orcish Mines.
  8714 | D:11     | Noticed a boulder beetle
  8730 | D:11     | Killed a boulder beetle
  8731 | D:11     | Reached skill level 13 in Axes
  8731 | D:11     | Reached skill level 10 in Shields
  8981 | D:11     | Reached skill level 10 in Armour
  9272 | Lair:1   | Entered Level 1 of the Lair of Beasts
  9279 | Lair:1   | Received a gift from Okawaru
  9280 | Lair:1   | Reached skill level 10 in Fighting
  9400 | Lair:1   | Reached ***** piety under Okawaru
  9632 | Lair:1   | Received a gift from Okawaru
 10227 | Lair:2   | Found a snail-covered altar of Cheibriados.
 10266 | Lair:2   | Found a gate leading to a gauntlet.
 10275 | Lair:2   | Noticed a skyshark
 10284 | Lair:2   | Received a gift from Okawaru
 10293 | Lair:2   | Killed a skyshark
 10413 | Gauntlet | Entered a Gauntlet
 10413 | Gauntlet | Noticed a thrashing horror
 10413 | Gauntlet | Found a transporter.
 10413 | Gauntlet | Found a transporter.
 10425 | Gauntlet | Found a transporter.
 10435 | Gauntlet | Found a transporter.
 10445 | Gauntlet | Noticed a soul eater
 10450 | Gauntlet | Found a transporter.
 10455 | Gauntlet | Reached skill level 14 in Axes
 10517 | Gauntlet | Found a transporter.
 10539 | Gauntlet | Found a transporter.
 10577 | Gauntlet | Found a transporter.
 10593 | Gauntlet | Found a transporter.
 10606 | Gauntlet | Killed a soul eater
 10607 | Gauntlet | Reached XP level 12. HP: 108/108 MP: 14/14
 10624 | Gauntlet | Found a transporter.
 10666 | Gauntlet | Noticed a minotaur
 10679 | Gauntlet | Killed a minotaur
 10864 | Gauntlet | Received a gift from Okawaru
 10952 | Gauntlet | Identified the +2 dagger of the Uplifting King {venom,
                  | Int+3}
 11045 | Lair:2   | Identified a scroll of acquirement
 11046 | Lair:2   | Acquired a +1 pair of gloves of hurling
 11171 | Lair:2   | Identified the scarf "Faatetia" {repulsion, Int+4} (Okawaru
                  | gifted it to you on level 2 of the Lair of Beasts)
 11171 | Lair:2   | Received a gift from Okawaru
 11304 | Lair:2   | Reached skill level 5 in Throwing
 11367 | Lair:2   | Reached skill level 5 in Invocations
 11747 | Lair:3   | Found a hole to the Spider Nest.
 11769 | Lair:3   | Found a staircase to the Shoals.
 12540 | Lair:4   | Reached skill level 15 in Axes
 13046 | Lair:4   | Identified the +7 battleaxe "Dufil" {antimagic, Int+2}
                  | (Okawaru gifted it to you on level 4 of the Lair of Beasts)
 13046 | Lair:4   | Received a gift from Okawaru
 13409 | Lair:5   | Entered Level 5 of the Lair of Beasts
 13449 | Lair:5   | Acquired 1236 gold pieces
 13497 | Lair:5   | Reached XP level 13. HP: 101/117 MP: 12/16
 13760 | Lair:5   | Found a viscous altar of Jiyva.
 13760 | Lair:5   | Found a staircase to the Slime Pits.
 13808 | Lair:5   | Reached skill level 16 in Axes
 13847 | Lair:5   | Reached ****** piety under Okawaru
 13898 | Lair:5   | Noticed a dire elephant
 13898 | Lair:5   | Noticed a dire elephant
 13919 | Lair:5   | Noticed a dire elephant
 13928 | Lair:5   | Noticed a dire elephant
 13930 | Lair:5   | Killed a dire elephant
 13930 | Lair:5   | Received a gift from Okawaru
 13942 | Lair:5   | Killed a dire elephant
 14214 | Lair:5   | Mangled by a dire elephant

Illustrated notes

Levels and vault maps discovered:
D:1:      arrival_aquarium_b, layout_basic, serial_shops,
          nicolae_shop_tiny_waterfront
D:2:      layout_rooms, bh_walls_and_bars
D:3:      layout_loops_ring, lemuel_crystal_altar,
          hellmonk_ecumenical_altar_run_dry
D:4:      layout_basic, minmay_cupped, uniq_ijyb
D:5:      cheibrodos_two_vegetables, layout_basic, uniq_blork_the_orc
D:6:      layout_basic
D:7:      layout_rooms, chei_slow_surprise, gammafunk_temple_overflow_statue,
          lemuel_zombie_altar_kikubaaqudgha, minmay_temple_entry_glassed_door
D:8:      layout_cave_pools, nicolae_uskayaw_dance_studio, david_lair_generic,
          uniq_psyche, uniq_pikel, uniq_prince_ribbit1
D:9:      layout_roguey, nemelex_diamond_rough_becter
D:10:     layout_irregular_city, led_sif_book, fedhas_altar_3, st_stairs_7
D:11:     layout_loops_cross, orc_0_dummy
Temple:   nicolae_temple_bog_church
Lair:1:   lemuel_slime, layout_big_grid, st_stairs_6, serial_bayou_shore_b,
          grunt_megastairs_2, lemuel_fruit_fields, infiniplex_staircase_pool
Lair:2:   layout_small_grid, gauntlet_entry_generic, kennysheep_snail_temple
Lair:3:   layout_long_grid, shoals_dummy_entry, spider_nest_entry_webs
Lair:4:   layout_roguey
Lair:5:   due_jungle_book, layout_regular_city, minmay_slime_entry_jelly_boxes,
          lemuel_fruit_fields, lemuel_fruit_tree, grunt_megastairs_3,
          infiniplex_staircase_pool_2

Skill      XL: |  1  2  3  4  5  6  7  8  9 10 11 12 13 |
---------------+----------------------------------------+-----
Axes           | 3 4 5 6 7 9 11 12 14 15 16 | 16.4
Fighting       | 4 5 6 7 8 9 10 11 12 | 12.3
Shields        | 4 5 6 7 8 9 10 11 12 | 12.3
Armour         | 4 5 6 7 8 9 10 11 12 | 12.2
Throwing       | 2 4 5 |  5.0
Invocations    | 2 4 6 |  6.9

Action                     |  1- 3 |  4- 6 |  7- 9 | 10-12 | 13-15 || total
---------------------------+-------+-------+-------+-------+-------++-------
  Melee: War axe           |    68 |   126 |    44 |   127 |   128 ||   493
         Headbutt          |     6 |    24 |    39 |    83 |    42 ||   194
         Hand axe          |       |       |   156 |   274 |       ||   430
  Throw: Dart              |       |       |     8 |     4 |       ||    12
         Boomerang         |       |       |       |    43 |    14 ||    57
    Use: Scroll            |     2 |     5 |     4 |    22 |     1 ||    34
         Potion            |       |       |       |     5 |     7 ||    12
 Armour: Scale mail        |    26 |    51 |    28 |       |       ||   105
         Leather armour    |       |       |    63 |    11 |       ||    74
         Ring mail         |       |       |       |   138 |    66 ||   204
  Dodge: Dodged            |    29 |    68 |    69 |   137 |    60 ||   363
         Repelled          |       |       |       |     1 |     1 ||     2
  Block: Buckler           |    19 |    31 |    44 |   117 |    49 ||   260
